 Dungeon Crawl Stone Soup version 0.25.0-46-gbd7b0854d2 (webtiles) character file.

Game seed: 685886978728049014

29 Milting the Magician (level 3, 0/23 HPs)
             Began as an Octopode Transmuter on July 13, 2020.
             Slain by a goblin (4 damage)
             ... on level 2 of the Dungeon.
             The game lasted 00:04:00 (1777 turns).

Milting the Magician (Octopode Transmuter)          Turns: 1777, Time: 00:04:00

Health: 0/23       AC:  1    Str: 10    XL:     3   Next: 16%
Magic:  15/16      EV: 13    Int: 15    God:
Gold:   50         SH:  0    Dex: 12    Spells: 7/8 levels left

rFire    . . .     SeeInvis .     - Unarmed
rCold    . . .     Gourm    .   (no shield)
rNeg     . . .     Faith    .   (helmet restricted)
rPois    .         Spirit   .   (no amulet)
rElec    .         Reflect  .   b - ring of magical power
rCorr    .         Harm     .   (no ring)
MR       .....                  (no ring)
Stlth    ++........             (no ring)
HPRegen  0.07/turn              (no ring)
MPRegen  0.15/turn              (no ring)
                                (no ring)
                                (no ring)

@: lethally poisoned (0 -> -7), appendage
A: almost no armour, stealthy swim, amphibious, 8 rings, constrict 8, tentacle
spike 3, camouflage 1, gelatinous body 1
a: End Transformation


You were on level 2 of the Dungeon.
You were not hungry.
One of your tentacles had a temporary spike.
You visited 1 branch of the dungeon, and saw 2 of its levels.

You collected 50 gold pieces.

Inventory:

Missiles
 a - 12 arrows
Jewellery
 b - a ring of magical power (left tentacle)
Scrolls
 d - 2 scrolls of fog {unknown}
 g - a scroll of identify {unknown}
 h - a scroll of enchant weapon {unknown}
 l - 3 scrolls of immolation {unknown}
Potions
 e - 2 potions of curing {unknown}
 f - a potion of heal wounds {unknown}
 i - a potion of might {unknown}
 j - a potion of flight {unknown}
Comestibles
 c - 4 rations
 k - a chunk of flesh


   Skills:
 - Level 1.0 Fighting
 - Level 2.0 Dodging
 - Level 3.0 Unarmed Combat
 + Level 3.3 Spellcasting
 - Level 2.0 Transmutations


You had 7 spell levels left.
You knew the following spells:

 Your Spells              Type           Power        Failure   Level  Hunger
a - Beastly Appendage     Tmut           #.....       9%          1    None

Your spell library contained the following spells:

 Spells                   Type           Power        Failure   Level  Hunger
 Sticks to Snakes         Tmut           #.......     13%         2    ##.....
 Spider Form              Tmut/Pois      #.........   36%         3    ###....
 Ice Form                 Ice/Tmut       #.......     77%         4    ####...
 Blade Hands              Tmut           #.........   93%         5    ######.


Dungeon Overview and Level Annotations

Branches:
Dungeon (2/15)

Altars:


Innate Abilities, Weirdness & Mutations

You cannot wear most types of armour.
You are very stealthy in the water. (Stealth+)
You are amphibious.
You can wear up to eight rings at the same time.
You can use your tentacles to constrict eight enemies at once.
Your skin changes colour to match your surroundings (Stealth+).
Your rubbery body absorbs attacks. (AC +1, EV +1)
One of your tentacles bears a large vicious spike.


Message History

The adder misses you. The goblin misses you.
You miss the adder. You grab the adder.
The adder is moderately wounded.
You constrict the adder. The adder bites you.
An ogre comes into view. It is wielding a +0 giant club.
The goblin barely misses you.
Casting: Beastly Appendage (safe; 9% risk of failure)
Confirm with . or Enter, or press ? or * to list all spells.
One of your tentacles grows a vicious spike.
You constrict the adder. The adder barely misses you. The adder bites you.
You are poisoned.
The adder poisons you! The goblin hits you.
You release your grip on the adder.
You feel sick.
* * * LOW HITPOINT WARNING * * *
You feel sick.
There is an escape hatch in the ceiling here.
The adder bites you.
* * * LOW HITPOINT WARNING * * *
The goblin hits you.
You die...

########## ### .........####.##
##..........##
#....O.......#######
#.....##............#
........##...g..#####.#
##......##.#.S@## #.#
#..........##.#######.##
.........#.............########
#...#<######...................
#..#######..#####.## ...# #..#
#.# ....# #..# #.# ##### #.##
#.# #.# #.##


You could see an ogre, an adder and a goblin.

Vanquished Creatures
  A leopard gecko (D:1)
  A giant cockroach (D:2)
  4 goblins
  4 hobgoblins (D:1)
  4 jackals (D:1)
  4 kobolds (D:1)
  A bat (D:1)
  2 frilled lizards (D:1)
  3 rats (D:1)
24 creatures vanquished.

Notes
Turn   | Place    | Note
-------+----------+-------------------------------------------
     0 | D:1      | Milting the Octopode Transmuter began the quest for the
                  | Orb.
     0 | D:1      | Reached XP level 1. HP: 13/13 MP: 3/3
   385 | D:1      | Reached XP level 2. HP: 18/18 MP: 5/5
   927 | D:1      | Reached XP level 3. HP: 13/23 MP: 7/7
  1773 | D:2      | Noticed an ogre
  1777 | D:2      | Slain by a goblin

Illustrated notes

Levels and vault maps discovered:
D:1:      onia_arrival_pyramid, layout_basic, minmay_small_reverse_x
D:2:      layout_loops_ring

Skill      XL: |  1  2 |
---------------+-------+-----
Spellcasting   | 3 |  3.3
Fighting       | |  1.0
Dodging        | |  2.0
Unarmed Combat | |  3.0
Transmutations | |  2.0

Action                   || total
-------------------------++-------
Melee: Unarmed           ||    59
       Constrict         ||    15
       Kick              ||     3
       Tentacles         ||     3
 Cast: Beastly Appendage ||     3
 Stab: Sleeping          ||     4
  Eat: Chunk             ||     3
Armor: Skin              ||     5
Dodge: Dodged            ||    34
